 Dungeon Crawl Stone Soup version 0.31-a0-263-ge8cad7f256 (webtiles) character file.

Game seed: 13500666710903008477

115 qw the Shooter (level 5, -1/30 HPs)
             Began as a Gargoyle Hexslinger on July 13, 2023.
             Slain by Sigmund
             ... wielding a +0 scythe
              (5 damage)
             ... on level 3 of the Dungeon.
             The game lasted 00:01:01 (2005 turns).

qw the Shooter (Gargoyle Hexslinger)                Turns: 2005, Time: 00:01:01

Health: -1/30      AC:  9    Str: 17    XL:     5   Next: 0%
Magic:  6/6        EV: 11    Int: 14    God:
Gold:   92         SH:  0    Dex: 14    Spells: 5/6 levels left

rFire   . . .        Y - +1 sling
rCold   . . .        (no shield)
rNeg    + . .        j - +0 ring mail
rPois   inf          (no helmet)
rElec   +            (no cloak)
rCorr   .            (no gloves)
SInv    .            (no boots)
Will    .....        (no amulet)
Stlth   +            c - +6 ring of strength
HPRegen 0.25/turn    (no ring)
MPRegen 0.10/turn

%: no passive effects
@: no status effects
A: sickness immunity, AC +4, negative energy resistance 1, electricity
resistance, torment resistance 1, petrification resistance
a: no special abilities


You were on level 3 of the Dungeon.
You visited 1 branch of the dungeon, and saw 3 of its levels.

You collected 128 gold pieces.
You spent 36 gold pieces at shops.


Innate Abilities, Weirdness & Mutations

You are immune to sickness and miasma.
Your stone body is resilient. (AC +4)
You are immune to poison.
You resist negative energy. (rN+)
You are resistant to electric shocks. (rElec)
You are resistant to unholy torment.
You are immune to petrification.


   Skills:
 - Level 2.0 Fighting
 + Level 4.5 Ranged Weapons
 - Level 1.0 Armour
 - Level 1.5 Dodging
 - Level 1.0 Spellcasting
 - Level 2.6 Hexes


You had 5 spell levels left.
You knew the following spells:

 Your Spells              Type           Power      Damage    Failure   Level
a - Slow                  Hex            32%        N/A       16%         1

Your spell library contained the following spells:

 Spells                   Type           Power      Damage    Failure   Level
 Inner Flame              Hex/Fire       4%         N/A       63%         3
 Portal Projectile        Hex/Tloc       8%         N/A       63%         3
 Cause Fear               Hex            4%         N/A       85%         4

Inventory:

Hand Weapons
 Y - a +1 sling (weapon)
Armour
 b - the +0 helmet of a Labyrinth {Harm Stlth+}
   (You acquired it on level 2 of the Dungeon)

   Harm:      It increases damage dealt and taken.
   Stlth:     It makes you more stealthy.
 j - a +0 ring mail (worn)
 l - a +0 helmet
 m - a +0 pair of gloves
Jewellery
 c - a +6 ring of strength (left hand)
Scrolls
 a - 2 scrolls of identify
Potions
 d - 2 potions of ambrosia {unknown}
 e - a potion of mutation {unknown}
 f - a potion of haste {unknown}
 g - a potion of enlightenment {unknown}
 h - a potion of lignification {unknown}
 i - 4 potions of curing
 k - a potion of cancellation {unknown}

Dungeon Overview and Level Annotations

Branches:
Dungeon (3/15)

Altars:
Wu Jian

Shops:
D:1 !

Annotations:
D:3 Sigmund


Message History

The sling bullet hits the giant cockroach.
The giant cockroach is almost dead.
A magic dart appears from out of thin air!
The magic dart hits you.
You shoot a sling bullet. Something hits you but does no damage.
You shoot a sling bullet. Something hits you.
You shoot a sling bullet.
The sling bullet hits the giant cockroach.
You kill the giant cockroach!
You have reached level 5!
You shoot a sling bullet.
A magic dart appears from out of thin air!
The magic dart hits you! Something hits you but does no damage.
You shoot a sling bullet. Something hits you.
You shoot a sling bullet. You shoot a sling bullet.
You hear some strange, mumbled words.
You are confused.
Something hits you!
You shoot a sling bullet. You shoot a sling bullet.
Something hits you but does no damage.
You shoot a sling bullet. Something hits you but does no damage.
You shoot a sling bullet. Something hits you.
You shoot a sling bullet.
You feel less confused. Something hits you but does no damage.
You shoot a sling bullet. Something hits you but does no damage.
You shoot a sling bullet. You shoot a sling bullet.
Something hits you but does no damage.
You shoot a sling bullet. Something hits you.
You die...

#...............
##........###.......
.#'#......###.......
............#......
............#.....
............#...# .
#...<.......#...# ...
#...........#...###.....
#...............@){%...#
#...........#...########
#...........#...#
#############...# #...#
#####


There were no monsters in sight!

Vanquished Creatures
  3 gnolls (D:2)
  3 worms (D:2)
  6 orcs
  4 endoplasms
  5 giant cockroaches
  9 goblins
  8 hobgoblins
  6 jackals (D:1)
  3 quokkas
  5 ball pythons
  2 bats
  A frilled lizard (D:1)
  5 kobolds
  7 rats
67 creatures vanquished.

Notes
Turn   | Place    | Note
-------+----------+-------------------------------------------
     0 | D:1      | qw the Gargoyle Hexslinger began the quest for the Orb.
     0 | D:1      | Reached XP level 1. HP: 12/12 MP: 2/2
     0 | D:1      | 0 ||| qw: Version: 0.3-a-52-g30416fa
     0 | D:1      | 0 ||| qw: Game counter: 7518
     0 | D:1      | 0 ||| qw: Melee chars always use a shield: true
     0 | D:1      | 0 ||| qw: God list: Okawaru
     0 | D:1      | 0 ||| qw: Allow faded altars: false
     0 | D:1      | 0 ||| qw: Do Orc after clearing Dungeon:15 true
     0 | D:1      | 0 ||| qw: Do second Lair branch before Depths: true
     0 | D:1      | 0 ||| qw: Lair rune preference: random
     0 | D:1      | 0 ||| qw: Goals: Normal
     0 | D:1      | 0 ||| PLANNING D:1-11
    43 | D:1      | Reached XP level 2. HP: 9/16 MP: 3/3
   152 | D:1      | Reached skill level 3 in Ranged Weapons
   389 | D:1      | Reached XP level 3. HP: 21/21 MP: 4/4
   432 | D:1      | Found Guipt's Distillery.
   457 | D:1      | 457 ||| SHOPLISTING 2 potions of cancellation (192 gold,
                  | have 46).
   457 | D:1      | 457 ||| SHOPLISTING potion of cancellation (96 gold, have
                  | 46).
   457 | D:1      | 457 ||| BUYING potion of curing (36 gold).
   457 | D:1      | Bought a potion of curing for 36 gold pieces
   457 | D:1      | 457 ||| SHOPLISTING potion of heal wounds (60 gold, have
                  | 10).
   457 | D:1      | 457 ||| SHOPLISTING potion of might (48 gold, have 10).
   457 | D:1      | 457 ||| SHOPLISTING potion of mutation (96 gold, have 10).
   743 | D:1      | Found an ornate altar of the Wu Jian Council.
   825 | D:1      | 825 ||| UPGRADING to +0 ring mail.
   835 | D:1      | 835 ||| DROPPING +0 robe.
   836 | D:1      | 836 ||| READING 2 scrolls labelled ZUWKY YTSUSOF.
   837 | D:1      | 837 ||| DRINKING 2 blue potions.
   838 | D:1      | 838 ||| DROPPING scroll of poison.
   839 | D:1      | 839 ||| DROPPING potion of attraction.
   867 | D:2      | 867 ||| FLEEEEING.
   868 | D:2      | 868 ||| FLEEEEING.
   869 | D:2      | 869 ||| STAIRDANCE
  1124 | D:2      | Reached XP level 4. HP: 21/26 MP: 5/5
  1130 | D:2      | Reached skill level 4 in Ranged Weapons
  1294 | D:2      | 1294 ||| Stepping ~*~*~tactically~*~*~ (outnumbered).
  1416 | D:2      | Reached skill level 1 in Armour
  1636 | D:2      | 1636 ||| UPGRADING to +6 ring of strength.
  1637 | D:2      | 1637 ||| READING scroll labelled VAAHANUOQA.
  1638 | D:2      | 1638 ||| READING scroll labelled YVERHI IFEJO.
  1641 | D:2      | 1641 ||| READING scroll labelled ISOONE XAIST.
  1641 | D:2      | Identified a scroll of acquirement
  1641 | D:2      | 1641 ||| ACQUIRING +0 helmet of a Labyrinth {Harm Stlth+}
  1641 | D:2      | Acquired the +0 helmet of a Labyrinth {Harm Stlth+}
  1643 | D:2      | 1643 ||| DRINKING 2 inky potions.
  1644 | D:2      | 1644 ||| DROPPING potion of brilliance.
  1670 | D:3      | 1670 ||| STAIRDANCE
  1984 | D:3      | Noticed Sigmund
  1993 | D:3      | Reached XP level 5. HP: 19/30 MP: 6/6
  1996 | D:3      | HP: 2/30 [something (9)]
  2005 | D:3      | Slain by Sigmund

Levels and vault maps discovered:
D:1:      sevenhm_arrival_forest_fort_small_6, layout_basic, serial_shops,
          nicolae_shop_statue_plus
D:2:      layout_loops_ring, minmay_close_crescents
D:3:      layout_basic, nicolae_overflow_crystal_walls, grunt_ministairs_8,
          uniq_terence, uniq_sigmund, uniq_natasha

Skill      XL: |  1  2  3  4 |
---------------+-------------+-----
Ranged Weapons | 3 4 |  4.5
Fighting       | 2 |  2.0
Armour         | 1 |  1.0
Dodging        | |  1.5
Spellcasting   | |  1.0
Hexes          | |  2.6

Action                     |  1- 3 |  4- 6 || total
---------------------------+-------+-------++-------
   Fire: Sling             |   136 |   142 ||   278
    Use: Scroll            |     1 |     3 ||     4
         Potion            |     1 |     1 ||     2
 Armour: Robe              |    16 |       ||    16
         Ring mail         |     8 |    37 ||    45
  Dodge: Dodged            |    49 |    59 ||   108

Table legend:
 A = Non-vault XP
 B = Vault XP
 C = Vault XP percentage of total XP
 D = Non-vault monster count
 E = Vault monster count
 F = Vault count percentage of total count
                 A         B        C        D         E       F
            +---------+---------+-------+---------+---------+-------
      Total |     142 |      23 |  13.9 |      57 |      10 |  14.9
            +---------+---------+-------+---------+---------+-------
        D:1 |      43 |       0 |   0.0 |      26 |       0 |   0.0
        D:2 |      84 |       6 |   6.7 |      22 |       4 |  15.4
        D:3 |      15 |      17 |  53.1 |       9 |       6 |  40.0
            +---------+---------+-------+---------+---------+-------
